 Dungeon Crawl Stone Soup version 0.28-a0-983-g1de4e0787c (webtiles) character file.

Game seed: 4721666902721574319

1929 tatocazan the Skirmisher (level 8, -4/59 (64) HPs)
             Began as a Demonspawn Fighter on Dec 3, 2021.
             Was a Follower of Okawaru.
             Slain by a wight (13 damage)
             ... on level 6 of the Dungeon.
             The game lasted 00:06:24 (4637 turns).

tatocazan the Skirmisher (Demonspawn Fighter)       Turns: 4637, Time: 00:06:24

HP:   -4/59 (64)    AC: 18    Str: 25    XL:     8   Next: 97%
MP:   10/10         EV:  7    Int: 10    God:    Okawaru [*.....]
Gold: 181           SH:  5    Dex: 12    Spells: 7/7 levels left

rFire   . . .      SeeInvis .   e - +0 war axe (freeze)
rCold   + . .      Faith    .   c - +0 buckler
rNeg    . . .      Spirit   .   n - +0 plate armour
rPois   .          Reflect  .   (helmet restricted)
rElec   .          Harm     .   g - +1 cloak
rCorr   .          Rampage  .   r - +0 pair of gloves
Will    .....                   o - +0 pair of boots
Stlth   ..........              (no amulet)
HPRegen 0.19/turn               h - +6 ring of strength
MPRegen 0.12/turn               s - ring of protection from cold

@: drained
A: horns 1, spiny 2, sharp scales 1
a: Renounce Religion, Heroism


You were on level 6 of the Dungeon.
You worshipped Okawaru.
Okawaru was aware of your devotion.
You visited 1 branch of the dungeon, and saw 6 of its levels.

You collected 181 gold pieces.

Inventory:

Hand Weapons
 e - a +0 war axe of freezing (weapon)
Armour
 c - a +0 buckler (worn)
 g - a +1 cloak (worn)
 n - a +0 plate armour (worn)
 o - a +0 pair of boots (worn)
 r - a +0 pair of gloves (worn)
Jewellery
 a - a ring of fire
 h - a +6 ring of strength (left hand)
 s - a ring of protection from cold (right hand)
Wands
 m - a wand of paralysis (8)
 w - a wand of polymorph (12)
Scrolls
 j - a scroll of magic mapping
 v - 2 scrolls of identify
Potions
 b - a potion of berserk rage {unknown}
 d - a potion of might
 f - a potion of resistance {unknown}
 i - a potion of degeneration {unknown}
 k - 2 potions of brilliance
 l - a potion of lignification {unknown}
 p - a potion of mutation {unknown}
 q - a potion of haste {unknown}
 t - a potion of magic {unknown}
 u - 2 potions of heal wounds {unknown}


   Skills:
 + Level 6.1 Fighting
 * Level 5.9 Axes
 + Level 5.6 Armour
 + Level 5.6 Shields
 + Level 3.5 Invocations


You had 7 spell levels left.
You didn't know any spells.
Your spell library contained the following spells:

 Spells                   Type           Power      Damage    Failure   Level
 Apportation              Tloc           0%         N/A       99%         1
 Ensorcelled Hibernation  Hex/Ice        0%         N/A       100%        2
 Ignite Poison            Fire/Tmut/Pois 0%         N/A       100%        3
 Mephitic Cloud           Conj/Pois/Air  0%         N/A       100%        3
 Spider Form              Tmut/Pois      0%         N/A       100%        3
 Alistair's Intoxication  Tmut/Pois      0%         N/A       100%        5
 Freezing Cloud           Conj/Ice/Air   0%         6-21      100%        5


Dungeon Overview and Level Annotations

Branches:
Dungeon (6/15)             Temple (0/1) D:6

Altars:
Okawaru


Innate Abilities, Weirdness & Mutations

You have a pair of small horns on your head.
You are mostly covered in sharp spines.
You are partially covered in razor-sharp scales. (AC +1, Slay +1)


Message History

You are too injured to fight recklessly!
You are too injured to fight recklessly!
You are too injured to fight recklessly!
You are too injured to fight recklessly!
You are too injured to fight recklessly!
You are too injured to fight recklessly!
You are too injured to fight recklessly!
You closely miss the wight. Your headbutt misses the wight.
The wight is heavily damaged.
You slash the wight! You freeze the wight. You hit the wight but do no damage.
You hit the gnoll shaman. You freeze the gnoll shaman.
The gnoll shaman hits you with a +0 short sword.
The wight is struck by your spines. The wight hits you but does no damage.
You block the wight's attack. x2; The wight is struck by your spines.
You destroy the wight!
Okawaru accepts your kill.
You take 1 damage, and have 26/58 hp.
You hit the gnoll shaman. You freeze the gnoll shaman.
The gnoll shaman is severely wounded.
You slash the wight!
You destroy the wight!
Okawaru accepts your kill.
You hit the wight.
The gnoll shaman is struck by your spines.
The gnoll shaman hits you with a +0 short sword.
The wight closely misses you. You block the wight's attack.
The gnoll shaman hits you with a +0 short sword!
* * * LOW HITPOINT WARNING * * *
You take 11 damage, and have 15/59 hp.
You hit the gnoll shaman but do no damage.
You headbutt the gnoll shaman.
You kill the gnoll shaman!
Okawaru accepts your kill.
You hit the wight.
The wight hits you from afar with a +5 halberd.
* * * LOW HITPOINT WARNING * * *
You block the wight's attack.
You take 6 damage, and have 9/59 hp.
The wight hits you from afar with a +5 halberd!
You die...

###.##.#.#...#.........
###........#....#........
.#....#.##.#.##.#........
......#..................
#.#.#....##.#.#.#.......#
#.#.#.##....#.#.#......##
#.#......................
#....#####........)......
#..### ####...@zz......
.... #....)).....) ####
#............
#...........>
#............
##...........
##.......... ###########


You could see 2 wights.

Vanquished Creatures
  An unseen horror (D:6)
  A water moccasin (D:6)
  2 black bears
  2 ice beasts
  An ogre (D:5)
  2 centaurs (D:5)
  3 scorpions
  2 water moccasin skeletons (D:4)
  A howler monkey (D:3)
  2 wights (D:6)
  2 bullfrog skeletons
  A gnoll shaman (D:6)
  A hound (D:6)
  2 jellies (D:6)
  3 iguanas
  An orc wizard (D:4)
  A hound zombie (D:5)
  Robin (D:2)
  A howler monkey zombie (D:3)
  6 adders
  3 gnolls (D:6)
  A shadow imp (D:6)
  A white imp (D:6)
  2 ufetubi
  3 adder skeletons (D:4)
  3 worms (D:3)
  4 dart slugs
  4 orcs (D:4)
  9 endoplasms
  3 giant cockroaches
  19 goblins
  12 hobgoblins
  3 jackals (D:3)
  7 quokkas
  9 ball pythons
  6 bats
  3 frilled lizards
  6 kobolds
  7 rats
141 creatures vanquished.

Notes
Turn   | Place    | Note
-------+----------+-------------------------------------------
     0 | D:1      | tatocazan the Demonspawn Fighter began the quest for the
                  | Orb.
     0 | D:1      | Reached XP level 1. HP: 18/18 MP: 1/1
     2 | D:1      | Noticed a vampire
     2 | D:1      | Noticed a formicid
     4 | D:1      | Noticed a demigod
     4 | D:1      | Noticed a gargoyle
     6 | D:1      | Noticed a felid
     8 | D:1      | Noticed a demonspawn
     8 | D:1      | Noticed a merfolk
    10 | D:1      | Noticed an octopode
    12 | D:1      | Noticed a spriggan
    12 | D:1      | Noticed an elf
    14 | D:1      | Noticed a minotaur
    14 | D:1      | Noticed a tengu
    16 | D:1      | Noticed a vine stalker
    18 | D:1      | Noticed a ghoul
    20 | D:1      | Noticed an ogre
    20 | D:1      | Noticed a troll
    22 | D:1      | Noticed a dwarf
    22 | D:1      | Noticed a draconian
    24 | D:1      | Noticed a naga
    26 | D:1      | Noticed a human
   178 | D:1      | Gained mutation: You are partially covered in sharp spines.
                  | [demonic ancestry]
   178 | D:1      | Reached XP level 2. HP: 24/24 MP: 2/2
   787 | D:2      | Reached XP level 3. HP: 29/29 MP: 3/3
   862 | D:2      | Found a faded altar of an unknown god.
   993 | D:2      | Noticed Robin
  1014 | D:2      | Killed Robin
  1015 | D:2      | Gained mutation: You are partially covered in razor-sharp
                  | scales. (AC +1, Slay +1) [demonic ancestry]
  1015 | D:2      | Reached XP level 4. HP: 19/35 MP: 4/4
  2222 | D:3      | Gained mutation: You have a pair of small horns on your
                  | head. [demonic ancestry]
  2222 | D:3      | Reached XP level 5. HP: 36/42 MP: 5/5
  2320 | D:3      | Noticed a black bear
  2324 | D:3      | Killed a black bear
  2325 | D:3      | Reached skill level 4 in Fighting
  2355 | D:3      | Reached XP level 6. HP: 44/48 MP: 6/6
  3263 | D:4      | Noticed an ice beast
  3271 | D:4      | Killed an ice beast
  3272 | D:4      | Reached XP level 7. HP: 55/55 MP: 7/7
  3525 | D:4      | Reached skill level 5 in Fighting
  3593 | D:5      | Entered Level 5 of the Dungeon
  3685 | D:5      | Found an iron altar of Okawaru.
  3709 | D:5      | Reached skill level 5 in Armour
  3725 | D:5      | Became a worshipper of Warmaster Okawaru
  3745 | D:5      | Reached skill level 5 in Shields
  3745 | D:5      | Gained mutation: You are mostly covered in sharp spines.
                  | [demonic ancestry]
  3745 | D:5      | Reached XP level 8. HP: 57/63 MP: 8/8
  3897 | D:5      | Reached skill level 1 in Invocations
  4197 | D:6      | Killed an unseen horror
  4197 | D:6      | Reached * piety under Okawaru
  4198 | D:6      | Reached skill level 5 in Axes
  4455 | D:6      | Reached skill level 6 in Fighting
  4579 | D:6      | Found a staircase to the Ecumenical Temple.
  4637 | D:6      | Slain by a wight

Illustrated notes

Levels and vault maps discovered:
D:1:      kb_arrival_jail, layout_rooms
D:2:      layout_loops_cross, dilly_ecumenical_altar_fadedgnrine, uniq_robin
D:3:      minmay_bubble_buster, layout_basic, hangedman_feature_mirror
D:4:      layout_gridville, grunt_ministairs_7
D:5:      layout_gridville, okawaru_gym_becter
D:6:      layout_rooms, minmay_temple_entry_ruins

Skill      XL: |  1  2  3  4  5  6  7  8 |
---------------+-------------------------+-----
Axes           | 2 3 4 5 |  5.9
Armour         | 3 4 5 |  5.6
Shields        | 3 4 5 |  5.6
Fighting       | 4 5 6 |  6.1
Invocations    | 3 |  3.5

Action                   |  1- 3 |  4- 6 |  7- 9 || total
-------------------------+-------+-------+-------++-------
Melee: War axe           |    64 |   109 |    66 ||   239
       Headbutt          |       |    10 |    22 ||    32
  Use: Scroll            |       |     9 |       ||     9
Armor: Scale mail        |    24 |    13 |       ||    37
       Chain mail        |       |    48 |       ||    48
       Plate armour      |       |       |    60 ||    60
Dodge: Dodged            |    21 |    37 |    19 ||    77
Block: Buckler           |    10 |    20 |    28 ||    58

Table legend: (Time is in decaauts)
 A = Elapsed time spent in this place.
 B = Non-inter-level travel time spent in this place.
 C = Inter-level travel time spent in this place.
 D = Time resting spent in this place.
 E = Time spent auto-exploring this place.
 F = Levels seen in this place.
 G = Mean time per level.
                   A        B        C        D        E       F      G
               +--------+--------+--------+--------+--------+-----+--------+
         Total |   4721 |   4578 |    143 |    801 |   2992 |   6 |  786.8 |
       Dungeon |   4721 |   4578 |    143 |    801 |   2992 |   6 |  786.8 |
               +--------+--------+--------+--------+--------+-----+--------+

Top non-repeatable levels by time:
     D:4: 1182 daAuts
     D:2: 936 daAuts
     D:3: 921 daAuts
     D:1: 621 daAuts
     D:5: 593 daAuts
     D:6: 465 daAuts
